 Dungeon Crawl Stone Soup version 0.32-a0-900-g30fb1b0edc (webtiles) character file.

Game seed: 1307974007597576888

41 Cheivey the Prestidigitator (level 3, -3/25 HPs)
             Began as a Gnoll Wanderer on Apr 5, 2024.
             Slain by a hobgoblin
             ... wielding a +0 mace
              (6 damage)
             ... on level 2 of the Dungeon.
             The game lasted 00:02:31 (1480 turns).

Cheivey the Prestidigitator (Gnoll Wanderer)        Turns: 1480, Time: 00:02:32

Health: -3/25      AC:  3    Str: 13    XL:     3   Next: 52%
Magic:  10/10      EV:  9    Int: 12    God:
Gold:   85         SH:  5    Dex: 16    Spells: 12/12 levels left

rFire   . . .        a - +0 club
rCold   . . .        b - +0 buckler
rNeg    . . .        g - +0 ring mail
rPois   .            (no helmet)
rElec   .            (no cloak)
rCorr   .            (no gloves)
SInv    .            (no boots)
Will    .....        (no amulet)
Stlth   ++           f - +6 ring of dexterity
HPRegen 0.24/turn    (no ring)
MPRegen 0.12/turn

%: no passive effects
@: no status effects
A: fangs 1, strong nose, distributed training, deformed body, high MP 1, shaggy
fur 1, subdued magic 1
a: no special abilities


You were on level 2 of the Dungeon.
You visited 1 branch of the dungeon, and saw 2 of its levels.

You collected 85 gold pieces.

Inventory:

Hand Weapons
 a - a +0 club (weapon)
Armour
 b - a +0 buckler (worn)
 c - a +0 chain mail
 g - a +0 ring mail (worn)
Jewellery
 f - a +6 ring of dexterity (left hand)
Wands
 e - a wand of flame (11) (quivered)


   Skills:
 + Level 0.9 Fighting
 + Level 0.9 Short Blades
 + Level 0.9 Long Blades
 + Level 0.9 Axes
 + Level 0.9 Maces & Flails
 + Level 0.9 Polearms
 + Level 0.9 Staves
 + Level 0.9 Ranged Weapons
 + Level 0.9 Throwing
 + Level 0.9 Armour
 + Level 0.9 Dodging
 + Level 2.4 Stealth
 + Level 4.5 Shields
 + Level 0.9 Unarmed Combat
 + Level 5.0 Spellcasting
 + Level 0.6 Conjurations
 + Level 2.1 Hexes
 + Level 0.6 Summonings
 + Level 0.6 Necromancy
 + Level 0.6 Translocations
 + Level 0.6 Fire Magic
 + Level 0.6 Ice Magic
 + Level 0.6 Air Magic
 + Level 0.6 Earth Magic
 + Level 0.6 Alchemy
 + Level 1.0 Invocations
 + Level 8.5 Evocations
 + Level 0.7 Shapeshifting


You had 12 spell levels left.
You didn't know any spells.
Your spell library contained the following spells:

 Spells                   Type           Power      Damage    Failure   Level
 Jinxbite                 Hex            12%        N/A       30%         2
 Ensorcelled Hibernation  Hex/Ice        8%         N/A       41%         2


Dungeon Overview and Level Annotations

Branches:
Dungeon (2/15) Zot: 10488

Altars:


Innate Abilities, Weirdness & Mutations

You have very sharp teeth.
Your uncanny sense of smell can sniff out nearby items.
Your experience applies equally to all skills.
Armour fits poorly on your strangely shaped body.
You have an increased reservoir of magic. (+10% MP)
You are covered in fur. (AC +1)
Your spells are a little easier to cast, but a little less powerful.


Message History

The hobgoblin hits you with a +0 mace!
The hobgoblin hits you but does no damage.
You hit the hobgoblin.
The hobgoblin is moderately wounded.
The hobgoblin hits you with a +0 mace.
You are too injured to fight recklessly!
You are too injured to fight recklessly!
You are too injured to fight recklessly!
You are too injured to fight recklessly!
You are too injured to fight recklessly!
You are too injured to fight recklessly!
You are too injured to fight recklessly!
You are too injured to fight recklessly!
You are too injured to fight recklessly!
You are too injured to fight recklessly!
You are too injured to fight recklessly!
You are too injured to fight recklessly!
You are too injured to fight recklessly!
You are too injured to fight recklessly!
You are too injured to fight recklessly!
You are too injured to fight recklessly!
You are too injured to fight recklessly!
You are too injured to fight recklessly!
You are too injured to fight recklessly!
You are too injured to fight recklessly!
You are too injured to fight recklessly!
Aiming: Throw Flame
Press: ? - help, Shift-Dir - straight line, f - hobgoblin
Aim: a hobgoblin, wielding a +0 mace and wearing a +0 plate armour (moderately wounded, 85% to hit)
The puff of flame hits the hobgoblin but does no damage.
The hobgoblin is moderately wounded.
The hobgoblin hits you with a +0 mace!
* * * LOW HITPOINT WARNING * * *
You completely miss the hobgoblin.
The hobgoblin is moderately wounded.
The hobgoblin barely misses you.
You hit the hobgoblin.
The hobgoblin is almost dead.
The hobgoblin barely misses you. The hobgoblin hits you with a +0 mace.
You die...

#. #.##.######.##..
#.####.##.# #.##..
####......##)# #.....
........####.# #.....
#######.#....# #.....
#....### ##....
#..#..##### #....
#######g###.....######.#
.......@.#..#...........
#####......##.########.#
.......<..## # #..
.####.....# ### ##.#..#
#.#..# #.#..# #.#..#
..#..#


You could see a hobgoblin.

Vanquished Creatures
  2 adders (D:2)
  3 bats
  2 endoplasms (D:1)
  2 giant cockroaches
  2 hobgoblins (D:1)
  3 jackals (D:1)
  2 kobolds (D:1)
  A ball python (D:1)
  A frilled lizard (D:2)
  3 rats (D:1)
21 creatures vanquished.

Notes
Turn   | Place    | Note
-------+----------+-------------------------------------------
     0 | D:1      | Cheivey the Gnoll Wanderer began the quest for the Orb.
     0 | D:1      | Cheivey set off with the following items: a +0 club, a +0
                  | buckler, a potion of lignification, a +0 robe, a wand of
                  | flame (18); and the following spells available to memorise:
                  | Jinxbite, Ensorcelled Hibernation.
     0 | D:1      | Reached XP level 1. HP: 13/13 MP: 6/6
   448 | D:1      | Reached XP level 2. HP: 9/19 MP: 7/7
  1347 | D:2      | Gained mutation: You have an increased reservoir of magic.
                  | (+10% MP) [potion of mutation]
  1347 | D:2      | Gained mutation: Armour fits poorly on your strangely
                  | shaped body. [potion of mutation]
  1347 | D:2      | Gained mutation: Your spells are a little easier to cast,
                  | but a little less powerful. [potion of mutation]
  1347 | D:2      | Gained mutation: You are covered in fur. (AC +1) [potion of
                  | mutation]
  1350 | D:2      | Reached skill level 5 in Spellcasting
  1350 | D:2      | Reached XP level 3. HP: 11/25 MP: 8/10
  1352 | D:2      | Reached skill level 1 in Invocations
  1480 | D:2      | Slain by a hobgoblin

Illustrated notes

Levels and vault maps discovered:
D:1:      minmay_arrival_widening_spiral_narrow, layout_basic
D:2:      layout_loops_ring, uniq_terence, uniq_sigmund

Skill      XL: |  1  2  3 |
---------------+----------+-----
Hexes          | 2 |  2.1
Spellcasting   | 5 |  5.0
Invocations    | 1 |  1.0
Fighting       | |  0.9
Short Blades   | |  0.9
Long Blades    | |  0.9
Axes           | |  0.9
Maces & Flails | |  0.9
Polearms       | |  0.9
Staves         | |  0.9
Ranged Weapons | |  0.9
Throwing       | |  0.9
Armour         | |  0.9
Dodging        | |  0.9
Stealth        | |  2.4
Shields        | |  4.5
Unarmed Combat | |  0.9
Conjurations   | |  0.6
Summonings     | |  0.6
Necromancy     | |  0.6
Translocations | |  0.6
Fire Magic     | |  0.6
Ice Magic      | |  0.6
Air Magic      | |  0.6
Earth Magic    | |  0.6
Alchemy        | |  0.6
Evocations     | |  8.5
Shapeshifting  | |  0.7

Action                     || total
---------------------------++-------
  Melee: Club              ||    95
         Bite              ||     5
  Evoke: Wand              ||     7
    Use: Potion            ||     2
   Stab: Sleeping          ||     1
 Armour: Robe              ||    42
         Skin              ||    19
         Ring mail         ||    25
         Chain mail        ||    13
  Dodge: Dodged            ||    67
  Block: Buckler           ||    27

Table legend: (Time is in decaauts)
 A = Elapsed time spent in this place.
 B = Non-inter-level travel time spent in this place.
 C = Inter-level travel time spent in this place.
 D = Time resting spent in this place.
 E = Time spent auto-exploring this place.
 F = Levels seen in this place.
 G = Mean time per level.
                   A        B        C        D        E       F      G
               +--------+--------+--------+--------+--------+-----+--------+
         Total |   1510 |   1475 |     35 |    243 |    955 |   2 |  755.0 |
       Dungeon |   1510 |   1475 |     35 |    243 |    955 |   2 |  755.0 |
               +--------+--------+--------+--------+--------+-----+--------+

Top non-repeatable levels by time:
     D:1: 1284 daAuts
     D:2: 226 daAuts
